Map: Para Site LE

Players

JackO - Winner!

  • Race: Protoss Protoss
  • Spawn Location: 11:00

Frontstab

  • Race: Protoss Protoss
  • Spawn Location: 5:00

Event: WCS Montreal 2018

VOD

Have the link to the VOD?

Description

Time

  • Played on: Sept. 7, 2018, 1:08 p.m.
  • Length: 6:15

All games in this series

Show
View Real Time Build Order
Export as new Build Order

JackO Protoss - Winner!

Build Orders: Oracle Opening 

Get SALT Encoding   

  12  0:00  Probe  
  13  0:13  Probe  
  14  0:17  Pylon  
  14  0:25  Probe  
  15  0:35  Gateway, Probe  
  16  0:43  Probe  
  16  0:49  Assimilator  
  17  0:52  Probe  
  18  1:06  Forge  
  18  1:07  Probe  
  19  1:15  Zealot  
  19  1:21  Pylon  
  21  1:37  Assimilator  
  21  1:45  Photon Cannon  
  21  1:56  Zealot  
  21  1:57  Probe  
  24  2:10  Probe  
  25  2:25  Cybernetics Core  
  25  2:27  Probe  
  24  2:39  Probe  
  25  2:46  Pylon  
  25  2:54  Probe  
  26  3:02  Warp Gate  
  26  3:04  Stargate  
  26  3:06  Probe  
  27  3:13  Pylon  
  27  3:18  Stalker, Probe  
  30  3:39  Probe  
  31  3:44  Gateway  
  31  3:45  Oracle  
  34  3:51  Probe  
  35  3:58  Stalker  
  37  4:05  Pylon  
  37  4:14  Phoenix  
  35  4:21  Probe  
  36  4:29  Shield Battery  
  36  4:33  Probe  
  37  4:39  Phoenix  
  39  4:46  Probe  
  40  5:00  Phoenix  
  39  5:10  Nexus  
  39  5:13  Probe  
  40  5:19  Phoenix  
  40  5:25  Probe  
  43  5:35  Shield Battery  
  43  5:39  Sentry  
  46  5:48  Phoenix  
  47  5:51  Pylon  
  47  6:00  Gateway  
  47  6:04  Pylon  
Show
View Real Time Build Order
Export as new Build Order

Frontstab Protoss 

Build Orders: Cannon Rush 

Get SALT Encoding   

  1  0:00  Probe  
  12  0:04  Probe  
  14  0:17  Pylon  
  14  0:21  Probe  
  15  0:35  Probe  
  16  0:37  Forge  
  16  0:47  Probe  
  17  0:59  Probe  
  17  1:01  Pylon  
  18  1:22  Photon Cannon  
  18  1:25  Gateway  
  18  1:29  Pylon  
  18  1:35  Pylon  
  18  1:54  Pylon  
  18  1:57  Photon Cannon  
  18  1:58  Photon Cannon  
  18  1:59  Photon Cannon  
  17  2:10  Photon Cannon  
  17  2:15  Photon Cannon  
  17  2:20  Probe  
  17  2:22  Gateway, Assimilator  
  17  2:36  Probe, Cybernetics Core  
  18  2:37  Assimilator  
  18  2:45  Probe  
  19  2:52  Photon Cannon  
  19  2:53  Probe  
  20  3:03  Stalker, Probe  
  21  3:09  Pylon  
  24  3:27  Probe  
  24  3:34  Stargate  
  24  3:39  Zealot  
  26  4:16  Phoenix  
  23  4:20  Probe  
  23  4:28  Probe  
  26  4:43  Stargate  
  26  4:46  Zealot  
  26  4:52  Phoenix  
  26  5:01  Probe  
  27  5:11  Phoenix  
  29  5:24  Probe  
  30  5:38  Pylon  
  30  5:41  Pylon  
  30  5:50  Gateway  
  32  6:01  Probe  
Tags
 
Add a new tag
Caveats
  • Supply blocks, unpowered buildings, or Contaminate may cause inaccurate times.
  • Supply counts are checked every 10 seconds.